SAAA
ALLOWAY HALBERDS @ PENNSAUKEN FLYERS
09/02/2034
 
TOP OF THE 1ST
Alloway Halberds batting - Pitching for Pennsauken Flyers : RHP Romano Martínez
Pitching: RHP Romano Martínez
Batting: RHB José Alcalá 0-0: Fly out, F9 (Flyball, 9LM)
Batting: RHB Kelly Harris 0-0: Swinging Strike
0-1: Ball
1-1: Swinging Strike
1-2: Foul Ball, location: 2F
1-2: Ball
2-2: Ball
3-2: Foul Ball, location: 2F
3-2: Foul Ball, location: 2F
3-2: Foul Ball, location: 2F
3-2: Base on Balls
Batting: RHB Bass Reeves 0-0: Called Strike
0-1: Ball
1-1: Swinging Strike
1-2: SINGLE (Line Drive, 78S)
Kelly Harris to second
Batting: RHB Manny Gonzáles 0-0: Called Strike
0-1: Swinging Strike
0-2: Ball
1-2: Strikes out swinging
Batting: LHB José Zarate 0-0: Called Strike
0-1: Ball
1-1: Called Strike
1-2: Strikes out swinging
Top of the 1st over - 0 runs, 1 hit, 0 errors, 2 left on base; Alloway 0 - Pennsauken 0
BOTTOM OF THE 1ST
Pennsauken Flyers batting - Pitching for Alloway Halberds : RHP Pedro Adame
Pitching: RHP Pedro Adame
Batting: RHB Marc Beck 0-0: Ball
1-0: Ball
2-0: Called Strike
2-1: Swinging Strike
2-2: Ball
3-2: Foul Ball, location: 2F
3-2: Hit by Pitch
Batting: SHB Chris Williamson Pickoff Throw to First - Out!
0-0: Ball
1-0: Fly out, F7 (Flyball, 7)
Batting: RHB José Rodríguez 0-0: Ball
1-0: Foul Ball, location: 2F
1-1: Swinging Strike
1-2: Strikes out looking
Bottom of the 1st over - 0 runs, 0 hits, 0 errors, 0 left on base; Alloway 0 - Pennsauken 0
TOP OF THE 2ND
Alloway Halberds batting - Pitching for Pennsauken Flyers : RHP Romano Martínez
Batting: RHB Cisco Hernández 0-0: Ball
1-0: Ball
2-0: Called Strike
2-1: Ball
3-1: Swinging Strike
3-2: Strikes out swinging
Batting: RHB Enrique Gómez 0-0: Swinging Strike
0-1: Swinging Strike
0-2: Ball
1-2: DOUBLE (Groundball, 5L)
Batting: RHB Carlos Ávila 0-0: Foul Ball, location: 2F
0-1: Swinging Strike
0-2: Ball
1-2: Ball
2-2: Strikes out looking
Batting: RHB Carlos Ramírez 0-0: Called Strike
0-1: Called Strike
0-2: Strikes out swinging
Top of the 2nd over - 0 runs, 1 hit, 0 errors, 1 left on base; Alloway 0 - Pennsauken 0
BOTTOM OF THE 2ND
Pennsauken Flyers batting - Pitching for Alloway Halberds : RHP Pedro Adame
Batting: LHB Arana Sashi 0-0: Called Strike
0-1: Ball
1-1: Ball
2-1: Called Strike
2-2: Ball
3-2: SINGLE (Flyball, 7LS)
Batting: RHB Vincente Flores 0-0: Ball
1-0: Foul Ball, location: 2F
1-1: Called Strike
1-2: Ball
2-2: Foul Ball, location: 2F
2-2: Ball
3-2: Foul Ball, location: 2F
3-2: Base on Balls
Arana Sashi to second
Batting: RHB Leo Cadden 0-0: Called Strike
0-1: Ball
1-1: Ball
2-1: Ball
3-1: Foul Ball, location: 2F
3-2: Base on Balls
Arana Sashi to third
Vincente Flores to second
Batting: RHB Roy McFerran 0-0: Ball
1-0: Swinging Strike
1-1: Called Strike
1-2: Ball
2-2: Strikes out swinging
Batting: RHB Clarence Therrien 0-0: Foul Ball, location: 2F
0-1: Fly out, F9 (Flyball, 9S)
Batting: RHB John Downing 0-0: Ball
1-0: Ground out 5-3 (Groundball, 5S)
Bottom of the 2nd over - 0 runs, 1 hit, 0 errors, 3 left on base; Alloway 0 - Pennsauken 0
TOP OF THE 3RD
Alloway Halberds batting - Pitching for Pennsauken Flyers : RHP Romano Martínez
Batting: RHB José Alcalá 0-0: Called Strike
0-1: Ball
1-1: Foul Ball, location: 2F
1-2: Ball
2-2: SINGLE (Line Drive, 9LS)
Batting: RHB Kelly Harris 0-0: Ground out 5-3 (Groundball, 56S)
José Alcalá to second
Batting: RHB Bass Reeves 0-0: Ball
1-0: Ball
Wild Pitch!
José Alcalá to third
2-0: Swinging Strike
2-1: Called Strike
2-2: Ground out 4-3 (Groundball, 4M)
José Alcalá scores
Batting: RHB Manny Gonzáles 0-0: Swinging Strike
0-1: Ball
1-1: Ball
2-1: Foul Ball, location: 2F
2-2: Fly out, F8 (Flyball, 8RD)
Top of the 3rd over - 1 run, 1 hit, 0 errors, 0 left on base; Alloway 1 - Pennsauken 0
BOTTOM OF THE 3RD
Pennsauken Flyers batting - Pitching for Alloway Halberds : RHP Pedro Adame
Batting: RHB Marc Beck 0-0: Called Strike
0-1: Foul Ball, location: 2F
0-2: Ball
1-2: Foul Ball, location: 2F
1-2: SINGLE (Flyball, 7LM)
Batting: SHB Chris Williamson 0-0: Ball
1-0: Called Strike
1-1: Ball
2-1: Fielders Choice at 2nd, 1-6 (Groundball, 13)
Batting: RHB José Rodríguez 0-0: Called Strike
0-1: Ball
1-1: DOUBLE (Flyball, 7)
Chris Williamson to third
Runner from 3rd tries for Home, SAFE, no throw
Batting: LHB Arana Sashi 0-0: Hit by Pitch
Batting: RHB Vincente Flores 0-0: Ball
1-0: Called Strike
1-1: Ball
2-1: Fielders Choice at 2nd, 1-6 (Groundball, 13S)
José Rodríguez to third
Batting: RHB Leo Cadden 0-0: Called Strike
0-1: Foul Ball, location: 2F
0-2: Foul Ball, location: 2F
0-2: Ball
1-2: SINGLE (Groundball, 6D)
José Rodríguez scores
Vincente Flores to second
Batting: RHB Roy McFerran 0-0: Ball
1-0: Ball
2-0: Called Strike
2-1: Swinging Strike
2-2: Strikes out swinging
Bottom of the 3rd over - 2 runs, 3 hits, 0 errors, 2 left on base; Alloway 1 - Pennsauken 2
TOP OF THE 4TH
Alloway Halberds batting - Pitching for Pennsauken Flyers : RHP Romano Martínez
Batting: LHB José Zarate 0-0: Called Strike
0-1: Ground out U3 (Groundball, 3)
Batting: RHB Cisco Hernández 0-0: Called Strike
0-1: Foul Ball, location: 2F
0-2: Ball
1-2: Ball
2-2: Strikes out swinging
Batting: RHB Enrique Gómez 0-0: Swinging Strike
0-1: Ground out 5-3 (Groundball, 56S)
Top of the 4th over - 0 runs, 0 hits, 0 errors, 0 left on base; Alloway 1 - Pennsauken 2
BOTTOM OF THE 4TH
Pennsauken Flyers batting - Pitching for Alloway Halberds : RHP Pedro Adame
Batting: RHB Clarence Therrien 0-0: Ball
1-0: Ball
2-0: Ball
3-0: Foul Ball, location: 2F
3-1: Base on Balls
Batting: RHB John Downing 0-0: Ball
1-0: Ball
2-0: Foul Ball, location: 2F
2-1: Ball
3-1: Swinging Strike
3-2: Foul Ball, location: 2F
3-2: SINGLE (Flyball, 7LM)
Clarence Therrien to second
Clarence Therrien to third
Batting: RHB Marc Beck 0-0: Called Strike
0-1: Grounds into double play, 4-6-3 (Groundball, 4MD)
Clarence Therrien scores
Batting: SHB Chris Williamson 0-0: Called Strike
0-1: Ball
1-1: Ball
2-1: Ball
3-1: Called Strike
3-2: Foul Ball, location: 2F
3-2: Foul Ball, location: 2F
3-2: Foul Ball, location: 2F
3-2: Foul Ball, location: 2F
3-2: Fly out, F7 (Flyball, 7)
Bottom of the 4th over - 1 run, 1 hit, 0 errors, 0 left on base; Alloway 1 - Pennsauken 3
TOP OF THE 5TH
Alloway Halberds batting - Pitching for Pennsauken Flyers : RHP Romano Martínez
Batting: RHB Carlos Ávila 0-0: Ball
1-0: Ball
2-0: Ball
3-0: Base on Balls
Batting: RHB Carlos Ramírez 0-0: Foul Ball, location: 2F
0-1: Sac Bunt - play at first, batter safe!
Carlos Ávila to second
Batting: RHB José Alcalá 0-0: Bunted foul
0-1: Ball
1-1: Sac Bunt - play at first, batter OUT! 1-4
Carlos Ávila to third
Carlos Ramírez to second
Batting: RHB Kelly Harris 0-0: Ball
1-0: Ball
2-0: Called Strike
2-1: Ball
3-1: Called Strike
3-2: SINGLE (Groundball, 34S) (infield hit)
Carlos Ávila scores
Carlos Ramírez to third
Batting: RHB Bass Reeves 0-0: Ball
1-0: Called Strike
1-1: Ball
2-1: Foul Ball, location: 2F
2-2: Foul Ball, location: 2F
2-2: Foul Ball, location: 2F
2-2: Strikes out swinging
Batting: RHB Manny Gonzáles 0-0: Ball
1-0: Ball
2-0: Foul Ball, location: 2F
2-1: Foul Ball, location: 2F
2-2: 3-RUN HOME RUN (Flyball, 7LD), Distance : 367 ft
Batting: LHB José Zarate 0-0: Foul Ball, location: 2F
0-1: Foul Ball, location: 2F
0-2: Fly out, F3 (Line Drive, 3)
Top of the 5th over - 4 runs, 3 hits, 0 errors, 0 left on base; Alloway 5 - Pennsauken 3
BOTTOM OF THE 5TH
Pennsauken Flyers batting - Pitching for Alloway Halberds : RHP Pedro Adame
Batting: RHB José Rodríguez 0-0: Ball
1-0: Ball
2-0: Called Strike
2-1: Ball
3-1: Called Strike
3-2: Fly out, F8 (Flyball, 89D)
Batting: LHB Arana Sashi 0-0: Ball
1-0: Foul Ball, location: 2F
1-1: Foul Ball, location: 2F
1-2: Ball
2-2: DOUBLE (Line Drive, 8LXD)
Batting: RHB Vincente Flores 0-0: Ball
1-0: Ball
2-0: Foul Ball, location: 2F
2-1: Fly out, F8 (Flyball, 8RD)
Batting: RHB Leo Cadden 0-0: Called Strike
0-1: Ball
1-1: Foul Ball, location: 2F
1-2: Ball
2-2: Ball
3-2: Base on Balls
Batting: RHB Roy McFerran 0-0: Called Strike
0-1: Fielders Choice at 2nd, 6-4 (Groundball, 6)
Bottom of the 5th over - 0 runs, 1 hit, 0 errors, 2 left on base; Alloway 5 - Pennsauken 3
TOP OF THE 6TH
Alloway Halberds batting - Pitching for Pennsauken Flyers : RHP Romano Martínez
Batting: RHB Cisco Hernández 0-0: Ball
1-0: SINGLE (Line Drive, 7S)
Batting: RHB Enrique Gómez 0-0: Ball
1-0: Foul Ball, location: 2F
1-1: Foul Ball, location: 2F
1-2: Fly out, F7 (Flyball, 7LSF)
Batting: RHB Carlos Ávila 0-0: Foul Ball, location: 2F
0-1: Called Strike
Cisco Hernández steals 2nd base
0-2: Ball
1-2: Ball
2-2: Foul Ball, location: 2F
2-2: DOUBLE (Line Drive, 78D)
Cisco Hernández scores
Pitching: RHP Seong-rae Park
Batting: RHB Carlos Ramírez 0-0: Ball
1-0: Called Strike
1-1: Ball
2-1: Ground out 1-3 (Groundball, P)
Carlos Ávila to third
Batting: RHB José Alcalá 0-0: Swinging Strike
0-1: Foul Ball, location: 2F
0-2: Ball
1-2: Foul Ball, location: 2F
1-2: Ball
2-2: Strikes out swinging
Top of the 6th over - 1 run, 2 hits, 0 errors, 1 left on base; Alloway 6 - Pennsauken 3
BOTTOM OF THE 6TH
Pennsauken Flyers batting - Pitching for Alloway Halberds : RHP Pedro Adame
Batting: RHB Clarence Therrien 0-0: Ball
1-0: Ground out 5-3 (Groundball, 56S)
Batting: RHB John Downing 0-0: Fly out, F6 (Flyball, 56D)
Batting: RHB Marc Beck 0-0: Ball
1-0: Called Strike
1-1: Ball
2-1: Foul Ball, location: 2F
2-2: Ground out 4-3 (Groundball, 4)
Bottom of the 6th over - 0 runs, 0 hits, 0 errors, 0 left on base; Alloway 6 - Pennsauken 3
TOP OF THE 7TH
Alloway Halberds batting - Pitching for Pennsauken Flyers : RHP Seong-rae Park
Batting: RHB Kelly Harris 0-0: Swinging Strike
0-1: Called Strike
0-2: Strikes out looking
Batting: RHB Bass Reeves 0-0: Ball
1-0: Ball
2-0: Ball
3-0: Swinging Strike
3-1: Called Strike
3-2: Base on Balls
Batting: RHB Manny Gonzáles 0-0: Called Strike
0-1: 2-RUN HOME RUN (Flyball, 78XD), Distance : 409 ft
Batting: LHB José Zarate 0-0: Swinging Strike
0-1: Ball
1-1: Foul Ball, location: 2F
1-2: Foul Ball, location: 2F
1-2: Ball
2-2: Foul Ball, location: 2F
2-2: Foul Ball, location: 2F
2-2: Ball
3-2: Ground out 4-3 (Groundball, 34D)
Batting: RHB Cisco Hernández 0-0: Fly out, F8 (Flyball, 8LM)
Top of the 7th over - 2 runs, 1 hit, 0 errors, 0 left on base; Alloway 8 - Pennsauken 3
BOTTOM OF THE 7TH
Pennsauken Flyers batting - Pitching for Alloway Halberds : RHP Pedro Adame
Batting: SHB Chris Williamson 0-0: Called Strike
0-1: Ball
1-1: Ball
2-1: Ball
3-1: Base on Balls
Pitching: RHP Ryan Dull
Batting: RHB José Rodríguez 0-0: Ball
1-0: Ball
2-0: Ball
3-0: Called Strike
3-1: Called Strike
3-2: Base on Balls
Chris Williamson to second
Batting: LHB Arana Sashi 0-0: Called Strike
0-1: SINGLE (Groundball, 6MD)
Chris Williamson to third
José Rodríguez to second
Batting: RHB Vincente Flores 0-0: Ball
1-0: Foul Ball, location: 2F
1-1: Ball
2-1: SINGLE (Groundball, 56D)
Chris Williamson scores
José Rodríguez to third
Arana Sashi to second
Runner from 3rd tries for Home, SAFE, throw made home
Batting: RHB Leo Cadden 0-0: Ball
1-0: Called Strike
1-1: Ball
2-1: Called Strike
2-2: Fly out, F8 (Flyball, 8LM)
Batting: RHB Roy McFerran 0-0: Ball
1-0: Called Strike
1-1: Fielders Choice at 2nd, 1-6 (Groundball, 13S)
Arana Sashi to third
Batting: RHB Clarence Therrien Pickoff Throw to First - Out!
Bottom of the 7th over - 2 runs, 2 hits, 0 errors, 1 left on base; Alloway 8 - Pennsauken 5
TOP OF THE 8TH
Alloway Halberds batting - Pitching for Pennsauken Flyers : RHP Seong-rae Park
Batting: RHB Enrique Gómez 0-0: Ball
1-0: Foul Ball, location: 2F
1-1: Called Strike
1-2: Ball
2-2: Ball
3-2: Foul Ball, location: 2F
3-2: Base on Balls
Batting: RHB Carlos Ávila 0-0: Ball
1-0: Bunted foul
1-1: Ball
2-1: Bunted foul
2-2: Ball
3-2: SINGLE (Line Drive, 7LS)
Enrique Gómez to second
Batting: RHB Carlos Ramírez 0-0: Sac Bunt - play at first, batter OUT! 3-4
Enrique Gómez to third
Carlos Ávila to second
Batting: RHB José Alcalá 0-0: Called Strike
0-1: Foul Ball, location: 2F
0-2: Strikes out swinging
Batting: RHB Kelly Harris 0-0: Ball
1-0: Called Strike
1-1: Fly out, F8 (Flyball, 8LM)
Top of the 8th over - 0 runs, 1 hit, 0 errors, 2 left on base; Alloway 8 - Pennsauken 5
BOTTOM OF THE 8TH
Pennsauken Flyers batting - Pitching for Alloway Halberds : RHP Ryan Dull
Batting: RHB Clarence Therrien 0-0: Ball
1-0: Called Strike
1-1: SINGLE (Groundball, 34D)
Batting: RHB John Downing 0-0: Ball
1-0: Called Strike
1-1: Ball
2-1: Foul Ball, location: 2F
2-2: Foul Ball, location: 2F
2-2: Foul Ball, location: 2F
2-2: Ball
3-2: Ground out 6-3 (Groundball, 6)
Clarence Therrien to second
Batting: RHB Marc Beck 0-0: Foul Ball, location: 2F
0-1: Ball
1-1: Swinging Strike
1-2: Ground out 5-3 (Groundball, 5)
Batting: SHB Chris Williamson 0-0: Fly out, F3 (Popup, 3S)
Bottom of the 8th over - 0 runs, 1 hit, 0 errors, 1 left on base; Alloway 8 - Pennsauken 5
TOP OF THE 9TH
Alloway Halberds batting - Pitching for Pennsauken Flyers : RHP Seong-rae Park
Batting: RHB Bass Reeves 0-0: Reached on error, E6 (Groundball, 6)
Batting: RHB Manny Gonzáles 0-0: Ball
1-0: Called Strike
1-1: Ball
2-1: Ball
3-1: Base on Balls
Bass Reeves to second
Pitching: RHP Sergio Reyes
Batting: LHB José Zarate 0-0: Ball
1-0: Ball
2-0: Ball
3-0: Base on Balls
Bass Reeves to third
Manny Gonzáles to second
Batting: RHB Cisco Hernández 0-0: Called Strike
0-1: Grounds into fielders choice 3-2 (Groundball, 34)
Manny Gonzáles to third
José Zarate to second
Batting: RHB Enrique Gómez 0-0: SINGLE (Groundball, 56D)
Manny Gonzáles scores
José Zarate to third
Cisco Hernández to second
Batting: RHB Carlos Ávila 0-0: Ball
1-0: Grounds into fielders choice 3-2 (Groundball, 3L)
Cisco Hernández to third
Enrique Gómez to second
Batting: RHB Carlos Ramírez 0-0: Swinging Strike
0-1: Foul Ball, location: 2F
0-2: DOUBLE (Line Drive, 89S)
Cisco Hernández scores
Enrique Gómez scores
Carlos Ávila to third
Runner from 3rd tries for Home, throw and OUT!
Top of the 9th over - 3 runs, 2 hits, 1 error, 1 left on base; Alloway 11 - Pennsauken 5
BOTTOM OF THE 9TH
Pennsauken Flyers batting - Pitching for Alloway Halberds : RHP Ryan Dull
Now at SS: Christovăo Galho
Batting: RHB José Rodríguez 0-0: Ground out 5-3 (Groundball, 56S)
Batting: LHB Arana Sashi 0-0: Ground out 6-3 (Groundball, 6)
Batting: RHB Vincente Flores 0-0: Swinging Strike
0-1: Ball
1-1: Foul Ball, location: 2F
1-2: Strikes out swinging
Bottom of the 9th over - 0 runs, 0 hits, 0 errors, 0 left on base; Alloway 11 - Pennsauken 5
Friday, March 29th, 2019 - OOTP Baseball 18.8 Build 76